 Dungeon Crawl Stone Soup version 0.20.1-1-g8b1a95d (webtiles) character file.

36 Blackbelt the Magician (level 3, 0/24 HPs)
             Began as a Mummy Ice Elementalist on July 11, 2017.
             Slain by an adder (1 damage)
             ... on level 1 of the Dungeon.
             The game lasted 00:07:21 (1563 turns).

Blackbelt the Magician (Mummy Ice Elementalist)     Turns: 1563, Time: 00:07:21

Health: 0/24       AC:  8    Str: 11    XL:     3   Next: 19%
Magic:  1/8        EV: 12    Int: 15    God:
Gold:   90         SH:  0    Dex: 12    Spells: 6/9 levels left

rFire    x . .     SeeInvis +   h - +0 hunting sling (flame)
rCold    + . .     Gourm    .   (no shield)
rNeg     + + +     Faith    .   a - +0 robe
rPois    ∞         Spirit   .   (no helmet)
rElec    .         Reflect  .   (no cloak)
rCorr    .         Harm     .   (no gloves)
MR       .....                  (no boots)
Stlth    ++........             (no amulet)
Regen    0.1/turn               j - ring of see invisible
MPRegen  0.2/turn               l - +6 ring of protection

@: very slightly contaminated
A: no food or potions, fire vulnerability, cold resistance 1, negative energy
resistance 3, torment resistance, unbreathing
a: no special abilities


You were on level 1 of the Dungeon.
You were not hungry.

You visited 1 branch of the dungeon, and saw 2 of its levels.

You collected 90 gold pieces.

Inventory:

Hand Weapons
 h - a +0 hunting sling of flaming (weapon)
Missiles
 i - 35 stones (quivered)
Armour
 a - a +0 robe (worn)
Jewellery
 j - a ring of see invisible (left hand)
 l - a +6 ring of protection (right hand)
Scrolls
 c - a scroll of blinking {unknown}
 d - a scroll of enchant weapon {unknown}
 e - a scroll of recharging {unknown}
 f - a scroll of fog {unknown}
 g - a scroll of random uselessness {unknown}
 k - a scroll of teleportation {unknown}
Books
 b - a book of Frost

   Spells                             Type                      Level
   a - Freeze                         Ice                          1
   b - Throw Frost                    Conjuration/Ice              2
   c - Ozocubu's Armour               Charms/Ice                   3
   d - Throw Icicle                   Conjuration/Ice              4
   e - Summon Ice Beast               Ice/Summoning                4


   Skills:
 - Level 1.5 Dodging
 - Level 1.5 Stealth
 + Level 3.9 Spellcasting
 - Level 0.7 Conjurations
 - Level 2.9 Ice Magic


You had 6 spell levels left.
You knew the following spells:

 Your Spells              Type           Power        Failure   Level  Hunger
a - Freeze                Ice            ##..         5%          1    N/A
b - Throw Frost           Conj/Ice       #.....       13%         2    N/A

Dungeon Overview and Level Annotations

Branches:
Dungeon (2/15)

Altars:
Makhleb


Innate Abilities, Weirdness & Mutations

You do not eat or drink.
Your flesh is vulnerable to fire.
You are immune to poison.
Your flesh is cold resistant. (rC+)
You are immune to negative energy. (rN+++)
You are immune to unholy pain and torment.
You can survive without breathing.


Message History

You kill the jackal!
Firing (i - inventory):
i - 38 stones (quivered)
Press: ? - help, Shift-Dir - straight line, f - adder
Aim: an adder You shoot a stone.
The stone closely misses the adder.
The adder bites you.
* * * LOW HITPOINT WARNING * * *
The adder bites you.
* * * LOW HITPOINT WARNING * * *
Firing (i - inventory):
i - 37 stones (quivered)
Press: ? - help, Shift-Dir - straight line, f/p - adder
Aim: an adder You shoot a stone.
The stone hits the adder but does no damage.
The adder bites you.
* * * LOW HITPOINT WARNING * * *
Firing (i - inventory):
i - 36 stones (quivered)
Press: ? - help, Shift-Dir - straight line, f/p - adder
Aim: an adder You shoot a stone.
The stone barely misses the adder.
The adder bites you.
You die...

............##.........#
............##.....###########
............##...............#
.....####....................#
.....# #....................#
...######.................(..# #
........'.....+++>...........####
..#######.....###S............#..
..# #..........@#'##.........#.#
#.# #...†.......#.##.........#.#
#.# #...........#.##.........#.#
#.# #...........#.############..
#.# #...........#..........# #.#
#.####...........##########.# #.#
.....'...........# #.# #.#
...###...........# ####.###.#
...#######.#############....#...#


You could see an adder.

Vanquished Creatures
  A dart slug (D:1)
  2 leopard geckos
  2 giant cockroaches (D:1)
  5 goblins (D:1)
  2 hobgoblins (D:1)
  6 jackals
  5 bats (D:1)
  A kobold (D:1)
  4 rats (D:1)
28 creatures vanquished.

Notes
Turn   | Place    | Note
-------+----------+-------------------------------------------
     0 | D:1      | Blackbelt the Mummy Ice Elementalist began the quest for the Orb.
     0 | D:1      | Reached XP level 1. HP: 13/13 MP: 4/4
    75 | D:1      | Found a burning altar of Makhleb.
   410 | D:1      | Reached XP level 2. HP: 16/19 MP: 5/5
   730 | D:1      | Learned a level 2 spell: Throw Frost
   786 | D:1      | Reached skill level 3 in Spellcasting
  1475 | D:1      | Reached XP level 3. HP: 24/24 MP: 2/8
  1562 | D:1      | HP: 1/24 [adder (2)]
  1563 | D:1      | Slain by an adder

Skill      XL: |  1  2 |
---------------+-------+-----
Spellcasting   | 3 |  3.9
Dodging        | |  1.5
Stealth        | |  1.5
Conjurations   | |  0.7
Ice Magic      | |  2.9

Action                   || total
-------------------------++-------
Melee: Unarmed           ||   110
 Fire: Hunting sling     ||     5
 Cast: Freeze            ||    23
       Throw Frost       ||    11
Armor: Robe              ||    50
Dodge: Dodged            ||   134
